 Dungeon Sprint DCSS version 0.28.0-43-g3370ac3207 (webtiles) character file.

Game seed: 1055551033017887304

1771 boopmooplesden the Fencer (level 8, -2/90 HPs)
             Began as a Minotaur Berserker on Mar 10, 2022.
             Was a High Priest of Trog.
             Slain by a polar bear (6 damage)
             ... in the Dungeon (Sprint II: "The Violet Keep of Menkaure").
             The game lasted 00:01:54 (737 turns).

boopmooplesden the Fencer (Minotaur Berserker)       Turns: 737, Time: 00:01:54

Health: -2/90      AC:  5    Str: 22    XL:     8   Next: 80%
Magic:  7/7        EV: 14    Int:  8    God:    Trog [*****.]
Gold:   158        SH:  0    Dex: 10    Spells: 7/7 levels left

rFire   . . .      SeeInvis .   a - +0 falchion
rCold   . . .      Faith    .   (no shield)
rNeg    . . .      Spirit   .   i - +0 leather armour of Piun {Harm Str-2 Int+4}
rPois   .          Reflect  .   j - +1 hat {Will+}
rElec   .          Harm     +   (no cloak)
rCorr   .          Rampage  .   (no gloves)
Will    +....      NoTele   +   (no boots)
Stlth   +.........              (no amulet)
HPRegen 0.25/turn               (no ring)
MPRegen 0.10/turn               (no ring)

@: on berserk cooldown, slowed, very slow
A: horns 2, retaliatory headbutt
a: Renounce Religion, Berserk, Trog's Hand, Brothers in Arms


You were in the Dungeon.
You worshipped Trog.
Trog was extremely pleased with you.
You visited 1 branch You collected 729 gold pieces.
You spent 571 gold pieces at shops.

Inventory:

Hand Weapons
 a - a +0 falchion (weapon)
Armour
 b - a +0 animal skin
 i - the +0 leather armour of Piun (worn) {Harm Str-2 Int+4}
   (You bought it in a shop in the Dungeon)

   Str:       It affects your strength (-2).
   Int:       It affects your intelligence (+4).
   Harm:      It increases damage dealt and taken.
 j - a +1 hat of willpower (worn)
 k - the +1 chain mail of Makhleb's Benevolence {Dex+3}
   (You bought it in a shop in the Dungeon)

   Dex:       It affects your dexterity (+3).
Scrolls
 h - a scroll of blinking
Potions
 c - a potion of curing
 d - a potion of heal wounds
 e - a potion of haste
 f - 2 potions of magic
 g - a potion of berserk rage


   Skills:
 + Level 14.5 Fighting
 + Level 15.4 Long Blades
 + Level 7.7 Armour
 + Level 8.0 Dodging
 + Level 0.4 Stealth


You had 7 spell levels left.
You didn't know any spells.
Your spell library was empty.

Dungeon Overview and Level Annotations

Branches:
Dungeon (1/1)

Altars:
Dithmenos
Elyvilon
Fedhas
Gozag
Kikubaaqudgha
Makhleb
Nemelex Xobeh
Okawaru
Qazlal
Ru
Sif Muna
Trog
Uskayaw
Vehumet
Wu Jian
Xom
Yredelemnul
Zin
The Shining One
Jiyva
Lugonu

Shops:
D :(!:!==?[[?[![[

Annotations:
D exclusion: oklob plant


Innate Abilities, Weirdness & Mutations

You have a pair of horns on your head.
You reflexively headbutt those who attack you in melee.


Message History

You feel a strong urge to attack something.
You are no longer berserk.
You are exhausted.
You feel yourself slow down.
The polar bear bites you but does no damage.
The polar bear barely misses you. x2
You hit the polar bear but do no damage.
The polar bear completely misses you.
The polar bear claws you but does no damage.
The polar bear claws you.
* * * LOW HITPOINT WARNING * * *
You slash the polar bear!
The polar bear is moderately wounded.
The polar bear bites you but does no damage.
The polar bear claws you.
* * * LOW HITPOINT WARNING * * *
The polar bear closely misses you.
You hit the polar bear.
You headbutt the polar bear, but do no damage.
The polar bear is heavily wounded.
You hit the polar bear. You headbutt the polar bear.
The polar bear is severely wounded.
The polar bear bites you!
* * * LOW HITPOINT WARNING * * *
The polar bear misses you. The polar bear completely misses you.
You hit the polar bear but do no damage.
You headbutt the polar bear, but do no damage.
The polar bear is severely wounded.
The polar bear closely misses you. The polar bear claws you.
* * * LOW HITPOINT WARNING * * *
The polar bear claws you but does no damage.
You slash the polar bear!
You headbutt the polar bear, but do no damage.
The polar bear is almost dead.
The polar bear goes berserk!
You completely miss the polar bear.
You headbutt the polar bear, but do no damage.
The polar bear is almost dead.
The polar bear bites you.
You die...

##.. .##.#### +.### ..#
...# ...#### .####..##
#..##$# ###.##..#
+..#.@# ##...#..#
#^.#h)#
.'.##'..####..##†# !
####.#....###.^.##▓▓▓▓
# #.##...§§.≈≈≈≈≈≈≈≈≈≈≈
B ###≈≈.....≈#+########
..#≈≈≈≈≈≈≈..≈#..._._._#
.##≈≈§§≈≈≈≈.≈#_._._._.#
##≈≈≈§≈≈≈≈≈≈≈#._._._._#


You could see a polar bear (berserk).

Vanquished Creatures
  A yaktaur (D)
  2 polar bears (D)
  A hornet (D)
  2 wyverns (D)
  A vampire mosquito (D)
  2 water moccasins (D)
  4 necrophages (D)
  3 worms (D)
16 creatures vanquished.

Vanquished Creatures (others)
  Menkaure (D)
1 creature vanquished.

Grand Total: 17 creatures vanquished

Notes
Turn   | Place    | Note
-------+----------+-------------------------------------------
     0 | D        | boopmooplesden the Minotaur Berserker began the quest for
                  | the Orb.
     0 | D        | Reached XP level 1. HP: 19/19 MP: 0/0
     1 | D        | Noticed a necrophage
     1 | D        | Noticed a necrophage
     1 | D        | Noticed a necrophage
     1 | D        | Noticed a necrophage
     5 | D        | Killed a necrophage
     6 | D        | Reached skill level 7 in Long Blades
     6 | D        | Reached XP level 2. HP: 34/34 MP: 1/1
     6 | D        | Reached XP level 3. HP: 39/39 MP: 2/2
     6 | D        | Reached XP level 4. HP: 47/47 MP: 3/3
     8 | D        | Killed a necrophage
     9 | D        | Reached skill level 9 in Long Blades
     9 | D        | Reached XP level 5. HP: 56/56 MP: 4/4
    12 | D        | Killed a necrophage
    12 | D        | Reached ** piety under Trog
    13 | D        | Reached skill level 10 in Long Blades
    13 | D        | Reached skill level 5 in Armour
    16 | D        | Killed a necrophage
    17 | D        | Reached skill level 10 in Fighting
    17 | D        | Reached skill level 11 in Long Blades
    17 | D        | Reached skill level 5 in Dodging
    17 | D        | Reached XP level 6. HP: 67/67 MP: 5/5
    39 | D        | Killed Menkaure
    70 | D        | Reached *** piety under Trog
   111 | D        | Noticed a water moccasin
   122 | D        | Killed a water moccasin
   129 | D        | Noticed a wyvern
   129 | D        | Noticed a wyvern
   135 | D        | Killed a wyvern
   136 | D        | Reached skill level 12 in Long Blades
   136 | D        | Reached XP level 7. HP: 53/74 MP: 6/6
   140 | D        | Killed a wyvern
   140 | D        | Reached **** piety under Trog
   339 | D        | Noticed a boulder beetle
   339 | D        | Noticed a boulder beetle
   347 | D        | Found Soyze's Magic Scroll Shoppe.
   347 | D        | Found Gaokhat's Antique Armour Shoppe.
   347 | D        | Found Rogruips's Jewellery Emporium.
   347 | D        | Found Patruwia's Antique Armour Shoppe.
   347 | D        | Found Movocoshri's Magic Scroll Emporium.
   348 | D        | Found Derom's Antique Armour Emporium.
   348 | D        | Found Corchat's Armour Shoppe.
   348 | D        | Found Filig's Antique Armour Emporium.
   348 | D        | Found Gieklist's Distillery.
   348 | D        | Found Raoloum's Book Emporium.
   349 | D        | Found Haz Hyre's Distillery.
   349 | D        | Found Puifaagh's Jewellery Emporium.
   349 | D        | Found Jiyng's Distillery.
   349 | D        | Found Moliat's Antique Weapon Emporium.
   353 | D        | Noticed a vampire mosquito
   364 | D        | Killed a vampire mosquito
   365 | D        | Reached skill level 13 in Long Blades
   555 | D        | Noticed an oklob plant
   556 | D        | Found Huapetaure's Book Shoppe.
   556 | D        | Noticed a redback
   556 | D        | Noticed a redback
   558 | D        | Bought a twisted leather armour for 140 gold pieces
   558 | D        | Identified the +0 leather armour of Piun {Harm Str-2 Int+4}
                  | (You bought it in a shop in the Dungeon)
   579 | D        | Bought an embroidered hat for 175 gold pieces
   586 | D        | Bought a slimy chain mail for 256 gold pieces
   586 | D        | Identified the +1 chain mail of Makhleb's Benevolence
                  | {Dex+3} (You bought it in a shop in the Dungeon)
   696 | D        | Found a glowing golden altar of the Shining One.
   696 | D        | Found an ornate altar of the Wu Jian Council.
   697 | D        | Found a shimmering altar of Xom.
   697 | D        | Found a sacrificial altar of Ru.
   698 | D        | Found a basalt altar of Yredelemnul.
   698 | D        | Found a shimmering blue altar of Sif Muna.
   699 | D        | Found a glowing silver altar of Zin.
   699 | D        | Found a bloodstained altar of Trog.
   699 | D        | Found an ancient bone altar of Kikubaaqudgha.
   699 | D        | Found a stormy altar of Qazlal.
   699 | D        | Found a viscous altar of Jiyva.
   700 | D        | Found a hide-covered altar of Uskayaw.
   700 | D        | Found a corrupted altar of Lugonu.
   700 | D        | Found a shadowy altar of Dithmenos.
   701 | D        | Found a radiant altar of Vehumet.
   701 | D        | Found a burning altar of Makhleb.
   701 | D        | Found a white marble altar of Elyvilon.
   702 | D        | Found a sparkling altar of Nemelex Xobeh.
   702 | D        | Found a blossoming altar of Fedhas.
   703 | D        | Found an iron altar of Okawaru.
   703 | D        | Found an opulent altar of Gozag.
   703 | D        | Noticed a polar bear
   704 | D        | Noticed a yaktaur
   704 | D        | Noticed a hornet
   704 | D        | Noticed a polar bear
   712 | D        | Killed a polar bear
   713 | D        | Reached skill level 14 in Long Blades
   713 | D        | Reached XP level 8. HP: 77/86 MP: 7/7
   713 | D        | Noticed a polar bear
   715 | D        | Killed a hornet
   724 | D        | Killed a polar bear
   725 | D        | Reached skill level 15 in Long Blades
   728 | D        | Killed a yaktaur
   728 | D        | Reached ***** piety under Trog
   735 | D        | HP: 4/90 [polar bear (1)]
   737 | D        | Slain by a polar bear

Illustrated notes

Levels and vault maps discovered:
D:        the_violet_keep_of_menkaure [sprint2_stairs_cluster_1,
          sprint2_shoproom, sprint2_temple, sprint2_basic_supplies,
          sprint2_obstacle_5, sprint2_obstacle_2, sprint2_obstacle_3,
          sprint2_obstacle_7, sprint2_obstacle_6, sprint2_timed_cluster_1,
          sprint2_smallroom_cluster_1, sprint2_smallroom_final_cluster_1,
          sprint2_transparent_cluster_1, sprint2_second_timed_cluster_1,
          sprint2_sniper_area_1, sprint2_heavy_combat_area_1,
          sprint2_mutation_trap_area_1, sprint2_forest_area_1,
          sprint2_light_combat_area_1, sprint2_behind_water_1,
          sprint2_near_end_vault_1]

Skill      XL: |  1  2  3  4  5  6  7  8 |
---------------+-------------------------+-----
Fighting       | 7 8 10 11 13 14 | 14.5
Long Blades    | 7 9 11 12 14 15 | 15.4
Armour         | 4 5 6 7 |  7.7
Dodging        | 3 4 5 7 8 |  8.0
Stealth        | |  0.4

Action                   |  1- 3 |  4- 6 |  7- 9 || total
-------------------------+-------+-------+-------++-------
Melee: Falchion          |     3 |    35 |    57 ||    95
       Headbutt          |       |     9 |    10 ||    19
       Punch             |       |     1 |       ||     1
Invok: Berserk           |     1 |       |     2 ||     3
  Use: Scroll            |       |       |     1 ||     1
Armor: Animal skin       |       |     4 |       ||     4
       Leather armour    |       |       |    12 ||    12
Dodge: Dodged            |       |    16 |    34 ||    50
